 Dungeon Crawl Stone Soup version 0.18-a0-1045-g4e042de (webtiles) character file.

60 namelastname112 the Magician (level 3, 0/29 HPs)
             Began as a Draconian Wizard on Jan 12, 2016.
             Was an Initiate of Yredelemnul.
             Slain by an orc priest
             ... wielding a +0 hand axe
              (8 damage)
             ... on level 3 of the Dungeon.
             The game lasted 00:03:40 (2050 turns).

namelastname112 the Magician (Draconian Wizard)     Turns: 2050, Time: 00:03:40

Health: 0/29       AC:  7    Str:  9    XL:     3   Next: 82%
Magic:  3/7        EV: 14    Int: 18    God:    Yredelemnul [......]
Gold:   70         SH:  0    Dex: 10    Spells: 1 memorised, 7 levels left

rFire  . . .     SeeInvis .     e - +0 spear
rCold  + . .     Gourm    .     (armour unavailable)
rNeg   . . .     Faith    .     (no shield)
rPois  .         Spirit   .     a - +0 hat
rElec  .         Dismiss  .     m - +0 cloak
rCorr  .         Reflect  .     p - +0 pair of gloves
SustAt .         Harm     .     (no boots)
MR     .....                    (no amulet)
Stlth  ++........               l - ring of protection from cold
                                h - +2 ring of evasion

@: not resistant to hostile enchantments, unstealthy
A: unfitting armour, cold-blooded, AC +5
a: Renounce Religion


You were on level 3 of the Dungeon.
You worshipped Yredelemnul.
Yredelemnul was noncommittal.
You were hungry.

You visited 1 branch of the dungeon, and saw 3 of its levels.

You collected 70 gold pieces.

Inventory:

Hand Weapons
 e - a +0 spear (weapon)
Armour
 a - a +0 hat (worn)
 m - a +0 cloak (worn)
 p - a +0 pair of gloves (worn)
Jewellery
 h - a +2 ring of evasion (left hand)
 l - a ring of protection from cold (right hand)
Scrolls
 d - a scroll of blinking {unknown}
 i - a scroll of fear {unknown}
 o - a scroll of recharging {unknown}
 q - a scroll of fog {unknown}
 r - 2 scrolls of enchant weapon {unknown}
 s - 2 scrolls of identify {unknown}
 t - 2 scrolls of teleportation {unknown}
Potions
 j - a potion of cure mutation {unknown}
 k - a potion of curing {unknown}
 n - a potion of degeneration {unknown}
 u - a potion of brilliance {unknown}
Books
 b - a book of Minor Magic

   Spells                             Type                      Level
   a - Magic Dart                     Conjuration                  1
   b - Blink                          Translocation                2
   c - Call Imp                       Summoning                    2
   d - Repel Missiles                 Charms/Air                   2
   e - Slow                           Hexes                        2
   f - Conjure Flame                  Conjuration/Fire             3
   g - Mephitic Cloud                 Conjuration/Poison/Air       3
Comestibles
 c - 2 bread rations
 f - a meat ration
 v - 2 fruits


   Skills:
 + Level 2.0 Fighting
 * Level 1.4 Polearms
 + Level 2.7 Dodging
 - Level 1.7 Stealth
 - Level 3.0 Spellcasting
 - Level 1.0 Conjurations
   Level 1.0 Summonings
   Level 1.0 Translocations
 * Level 0.4 Invocations


You had 7 spell levels left.
You knew the following spells:

 Your Spells              Type           Power        Failure   Level  Hunger
z - Magic Dart            Conj           #...         12%         1    None


Dungeon Overview and Level Annotations

Branches:
Dungeon (3/15)

Altars:
Yredelemnul


Innate Abilities, Weirdness & Mutations

Your plain brown scales are hard (AC +5).
Your body does not fit into most forms of armour.
You are cold-blooded and may be slowed by cold attacks.


Message History

The orc priest looks braver for a moment.
You hit the orc priest but do no damage.
The orc priest is moderately wounded.
The orc priest invokes the aid of Beogh against you.
Something smites you!
* * * LOW HITPOINT WARNING * * *
An orc priest comes into view. It is wielding a dagger.
Drink which item? (? for menu, Esc to quit)
It was a potion of heal wounds.
You feel much better.
The orc priest invokes the aid of Beogh against you.
Something smites you!
* * * LOW HITPOINT WARNING * * *
The orc wizard casts a spell.
The orc wizard blinks!
You hit the orc priest but do no damage.
The orc priest is moderately wounded.
The orc priest casts a cantrip, but nothing happens.
The orc priest hits you with a hand axe!
You die...
Your body rises from the dead as a mindless zombie.

#.#.# #.#.# #.#.##
#....#######.#
#...#).......+
#..###.####.. #.##
##.## ### ##.#
#@## ##.##
##o###.####.# >
##.o#.......#
....#o#o.#######..
ยง.o.o...##
####o#### #. #. #


You could see 2 orc priests and an orc wizard.

Vanquished Creatures
  2 oozes
  2 worms (D:2)
  An orc (D:3)
  5 bats
  3 giant cockroaches
  5 hobgoblins (D:1)
  3 jackals (D:2)
  5 giant newts
  2 goblins
  9 kobolds
  10 rats
47 creatures vanquished.

Notes
Turn   | Place    | Note
--------------------------------------------------------------
     0 | D:1      | namelastname112 the Draconian Wizard began the quest for the Orb.
     0 | D:1      | Reached XP level 1. HP: 14/14 MP: 4/4
   382 | D:1      | Reached skill level 1 in Fighting
   382 | D:1      | Reached XP level 2. HP: 18/23 MP: 6/6
   672 | D:1      | Reached skill level 1 in Polearms
   834 | D:1      | Reached XP level 3. HP: 28/28 MP: 7/7
  1024 | D:2      | Found a basalt altar of Yredelemnul.
  1036 | D:2      | Became a worshipper of Yredelemnul the Dark
  2050 | D:3      | Slain by an orc priest

Vault maps used:
D:1:      dpeg_arrival_radiant, corexii_item_surrounded_by_moat
D:2:      yredelemnul_altar_generic, minmay_misc_feat_encased
D:3:      nicolae_overflow_hidden_temple, nemelex_xobeh_ov_fountains_minmay,
          first_bread, kennysheep_generic_room_5, uniq_crazy_yiuf_cottage

Action                   || total
-------------------------++-------
Melee: Unarmed           ||    14
       Short sword       ||     8
       Spear             ||   145
 Cast: Magic Dart        ||    19
  Use: Potion            ||     1
 Stab: Sleeping          ||     2
  Eat: Chunk             ||     3
